 Dungeon Crawl Stone Soup version 0.26-a0-638-gcca6ad1b57 (webtiles) character file.

Game seed: 11036996529385933725

224 Murumi the Conjurer (level 6, -2/62 HPs)
             Began as an Ogre Conjurer on Sept 14, 2020.
             Slain by Execuda's ghost (10 damage)
             ... on level 3 of the Dungeon.
             The game lasted 00:10:13 (2671 turns).

Murumi the Conjurer (Ogre Conjurer)                 Turns: 2671, Time: 00:10:14

Health: -2/62      AC:  3    Str: 14    XL:     6   Next: 0%
Magic:  5/19       EV: 10    Int: 19    God:
Gold:   118        SH:  0    Dex:  7    Spells: 8/11 levels left

rFire    . . .     SeeInvis .   q - +0 mace
rCold    . . .     Faith    .   (no shield)
rNeg     . . .     Spirit   .   a - +0 robe
rPois    .         Reflect  .   (helmet restricted)
rElec    .         Harm     .   (no cloak)
rCorr    .         Rampage  .   (gloves unavailable)
MR       .....                  (boots unavailable)
Stlth    ++........             c - amulet of magic regeneration
HPRegen  0.20/turn              f - ring of magical power
MPRegen  0.41/turn              (no ring)

@: no status effects
A: large, unfitting armour, tough skin 1
a: no special abilities


You were on level 3 of the Dungeon.
You visited 1 branch of the dungeon, and saw 3 of its levels.

You collected 118 gold pieces.

Inventory:

Hand Weapons
 q - a +0 mace (weapon)
Missiles
 i - 97 stones (quivered)
 p - 8 boomerangs
Armour
 a - a +0 robe (worn)
Jewellery
 c - an amulet of magic regeneration (around neck)
 f - a ring of magical power (left hand)
Wands
 b - a wand of polymorph (11)
Scrolls
 h - 4 scrolls of blinking
 m - 2 scrolls of teleportation
 n - 2 scrolls of remove curse
 o - a scroll of identify
Potions
 e - a potion of brilliance
 g - a potion of lignification
 j - a potion of curing
 k - a potion of flight {unknown}
 l - 3 potions of berserk rage {unknown}


   Skills:
 - Level 4.0 Fighting
 - Level 2.0 Maces & Flails
 - Level 2.0 Throwing
 - Level 2.0 Dodging
 - Level 2.0 Stealth
 - Level 3.0 Spellcasting
 - Level 4.0 Conjurations
 + Level 0.3 Evocations


You had 8 spell levels left.
You knew the following spells:

 Your Spells              Type           Power        Failure   Level
a - Magic Dart            Conj           ###.         3%          1
b - Searing Ray           Conj           ###...       4%          2

Your spell library contained the following spells:

 Spells                   Type           Power        Failure   Level
 Dazzling Flash           Conj/Hex       ##....       21%         3
 Fulminant Prism          Conj/Hex       ##........   54%         4
 Iskenderun's Mystic Bla  Conj/Tloc      ##......     54%         4


Dungeon Overview and Level Annotations

Branches:
Dungeon (3/15)

Altars:
Zin
The Shining One

Annotations:
D:3 Execuda's ghost, amateur TrBe


Innate Abilities, Weirdness & Mutations

You are too large for most types of armour.
You have tough skin. (AC +1)


Message History

Execuda's ghost is severely damaged.
Execuda's ghost barely misses you.
The searing ray hits Execuda's ghost.
Execuda's ghost is severely damaged.
You finish channeling your searing ray.
Execuda's ghost hits you.
* * * LOW HITPOINT WARNING * * *
Casting: Searing Ray (safe; 4% risk of failure)
Confirm with . or Enter, or press ? or * to list all spells.
Aiming: Searing Ray (safe; 4% risk of failure)
Press: ? - help, Shift-Dir - straight line, f/p - Execuda's ghost
Aim: Execuda's ghost (severely damaged)
The searing ray hits Execuda's ghost.
Execuda's ghost is severely damaged. (Press . to maintain the ray.) Execuda's ghost hits you!
* * * LOW HITPOINT WARNING * * *
The searing ray hits Execuda's ghost.
Execuda's ghost is almost destroyed.
Execuda's ghost hits you!
You die...

.........#####.###.#
#######..........#.#
.b....#......#.#.#.#
.###..#......#.#.#.#
$###..'..(...#.#.#.#
!.....'......#.#.#.#
.###..'(.....#...#.#
.###..#.(....#####.#
......#........W@..#
#######.....########
............#
......#######
......# ..#####
..###### ..#8.#A#
..#..###


You could see Execuda's ghost.

Vanquished Creatures
  A centaur skeleton (D:3)
  An orc priest (D:3)
  A hound (D:2)
  4 gnolls (D:2)
  3 adders (D:2)
  4 worms
  2 dart slugs
  A leopard gecko (D:2)
  4 orcs (D:3)
  6 giant cockroaches
  7 goblins
  2 hobgoblins
  4 kobolds
  2 quokkas
  6 bats
  3 frilled lizards
  8 rats
59 creatures vanquished.

Notes
Turn   | Place    | Note
-------+----------+-------------------------------------------
     0 | D:1      | Murumi the Ogre Conjurer began the quest for the Orb.
     0 | D:1      | Reached XP level 1. HP: 16/16 MP: 3/3
   206 | D:1      | Reached XP level 2. HP: 24/24 MP: 1/5
   491 | D:1      | Learned a level 2 spell: Searing Ray
   951 | D:2      | Reached XP level 3. HP: 31/31 MP: 7/7
  1096 | D:2      | Reached skill level 1 in Fighting
  1143 | D:2      | Reached skill level 1 in Throwing
  1153 | D:2      | Reached XP level 4. HP: 38/42 MP: 8/8
  1228 | D:2      | Reached skill level 1 in Maces & Flails
  1541 | D:2      | Reached XP level 5. HP: 41/53 MP: 9/9
  1839 | D:3      | Found a glowing golden altar of the Shining One.
  2210 | D:3      | Found a runed translucent gate.
  2210 | D:3      | Found a runed translucent gate.
  2225 | D:3      | Found a faded altar of an unknown god.
  2378 | D:3      | Found a glowing silver altar of Zin.
  2378 | D:3      | Noticed an angel
  2385 | D:3      | Found a runed translucent gate.
  2389 | D:3      | Noticed Execuda's ghost (amateur TrBe)
  2626 | D:3      | Reached XP level 6. HP: 62/62 MP: 10/10
  2671 | D:3      | Slain by Execuda's ghost

Illustrated notes

Levels and vault maps discovered:
D:1:      dpeg_arrival_erosion, layout_basic, st_stairs_4, chequers_mini_garden,
          supply_closet_lemuel
D:2:      layout_loops_ring
D:3:      layout_basic, zin_angel, tso_metal_star, gammafunk_ghost_split,
          chequers_ecumenical_altar_simple_redux, item_on_display_a

Skill      XL: |  1  2  3  4  5 |
---------------+----------------+-----
Dodging        | 2 |  2.0
Conjurations   | 4 |  4.0
Spellcasting   | 3 |  3.0
Stealth        | 2 |  2.0
Fighting       | 1 3 4 |  4.0
Throwing       | 1 2 |  2.0
Maces & Flails | 1 2 |  2.0
Evocations     | |  0.3

Action                   |  1- 3 |  4- 6 || total
-------------------------+-------+-------++-------
Melee: Unarmed           |     2 |       ||     2
Throw: Stone             |     2 |       ||     2
 Cast: Magic Dart        |    64 |    47 ||   111
       Searing Ray       |     5 |    14 ||    19
  Use: Scroll            |     5 |     3 ||     8
Armor: Robe              |     2 |     9 ||    11
Dodge: Dodged            |     7 |     7 ||    14

Table legend: (Time is in decaauts)
 A = Elapsed time spent in this place.
 B = Non-inter-level travel time spent in this place.
 C = Inter-level travel time spent in this place.
 D = Time resting spent in this place.
 E = Time spent auto-exploring this place.
 F = Levels seen in this place.
 G = Mean time per level.
                   A        B        C        D        E       F      G
               +--------+--------+--------+--------+--------+-----+--------+
         Total |   2673 |   2489 |    184 |     12 |   2145 |   3 |  891.0 |
       Dungeon |   2673 |   2489 |    184 |     12 |   2145 |   3 |  891.0 |
               +--------+--------+--------+--------+--------+-----+--------+

Top non-repeatable levels by time:
     D:2: 909 daAuts
     D:1: 899 daAuts
     D:3: 864 daAuts
